 Dungeon Crawl Stone Soup version 0.25-a0-21-ga5a8db46c7 (webtiles) character file.

Game seed: 14233784749158078725, levelgen mode: deterministic

25 Kohma the Sneak (level 2, -5/13 HPs)
             Began as a Spriggan Enchanter on Oct 16, 2019.
             Slain by a goblin
             ... wielding a +0 dagger
             ... led by Robin
              (6 damage)
             ... on level 2 of the Dungeon.
             The game lasted 00:02:53 (1073 turns).

Kohma the Sneak (Spriggan Enchanter)                Turns: 1073, Time: 00:02:54

Health: -5/13      AC:  3    Str:  4    XL:     2   Next: 82%
Magic:  0/6        EV: 18    Int: 16    God:
Gold:   52         SH:  0    Dex: 16    Spells: 3/6 levels left

rFire    . . .     SeeInvis +   a - +1 dagger
rCold    . . .     Gourm    .   (shield restricted)
rNeg     . . .     Faith    .   b - +0 robe
rPois    .         Spirit   .   (helmet restricted)
rElec    .         Reflect  .   m - +0 cloak (curse)
rCorr    .         Harm     .   (gloves unavailable)
MR       .....                  (boots unavailable)
Stlth    +++.......             (no amulet)
HPRegen  0.04/turn              (no ring)
MPRegen  0.10/turn              (no ring)

@: very quick
A: very small, unfitting armour, see invisible, herbivore, speed 3, slow
metabolism 2
a: no special abilities


You were on level 2 of the Dungeon.
You were not hungry.

You visited 1 branch of the dungeon, and saw 2 of its levels.

You collected 52 gold pieces.

Inventory:

Hand Weapons
 a - a +1 dagger (weapon)
 k - a +1 whip of pain
Missiles
 f - 42 stones (quivered)
 i - 11 poisoned darts
Armour
 b - a +0 robe (worn)
 m - a cursed +0 cloak (worn)
Jewellery
 h - a cursed ring of protection from magic {unknown}
 n - an uncursed amulet of guardian spirit {unknown}
Scrolls
 c - a scroll of teleportation {unknown}
 e - a scroll of magic mapping {unknown}
 g - 3 scrolls of identify {unknown}
Potions
 j - 2 potions of heal wounds {unknown}
 l - a potion of curing {unknown}
Comestibles
 d - 4 rations


   Skills:
 + Level 2.3 Short Blades
 - Level 3.0 Dodging
 + Level 5.4 Stealth
 - Level 2.6 Spellcasting
 - Level 3.6 Hexes


You had 3 spell levels left.
You knew the following spells:

 Your Spells              Type           Power        Failure   Level  Hunger
a - Corona                Hex            ##.....      4%          1    #......
b - Ensorcelled Hibernat  Hex/Ice        #.....       14%         2    ##.....

Your spell library contained the following spells:

 Spells                   Type           Power        Failure   Level  Hunger
 Confuse                  Hex            ##......     13%         3    ###....
 Tukima's Dance           Hex            ##......     13%         3    ###....
 Dazzling Spray           Conj/Hex       #.....       28%         3    ###....


Dungeon Overview and Level Annotations

Branches:
Dungeon (2/15)

Altars:
Okawaru

Annotations:
D:2 Robin


Innate Abilities, Weirdness & Mutations

You are very small and have problems with some larger weapons.
You are too small for most types of armour.
You have supernaturally acute eyesight. (SInv)
You are a herbivore.
You cover ground extremely quickly.
You need to consume almost no food.


Message History

Aiming: Ensorcelled Hibernation (safe; 14% risk of failure)
Press: ? - help, Shift-Dir - straight line, f/p - goblin
Aim: a goblin, wielding a +0 dagger (unusually strong, chance to defeat MR: 56%)
The goblin looks drowsy...
A hobgoblin comes into view. It is wielding a +0 club.
The goblin completely misses you. The goblin hits you with a +0 dagger.
* * * LOW HITPOINT WARNING * * *
The helpless goblin fails to defend itself.
You impale the goblin!!
You kill the goblin!
Robin says, "We wiped out the hill dwarves - you're next!"
The goblin closely misses you. The goblin hits you but does no damage.
Robin throws the goblin at you!
* * * LOW HITPOINT WARNING * * *
Things that are here:
a +0 dagger; a goblin corpse You hit the goblin.
The goblin is moderately wounded.
The goblin hits you with a +0 dagger.
You die...

.<#..#.♣.♣.#..#
..#.......[...#
###..♣.♣.♣.♣..#
........_..)..#
###..♣.♣.♣.♣..# ###
##..........# ....
#.#.♣.♣.#.## .....
#.........######ggg...
##...#.#....g@g.g.gg..
#...#....(..g##gg....
#.. ##.......# ....#
#.. #.......# ##.#
#.>....... #
###....#... ###.##.###
#$. .#


You could see Robin, 3 hobgoblins and 7 goblins.

Vanquished Creatures
  2 dart slugs (D:1)
  2 bats
  A giant cockroach (D:1)
  5 goblins
  4 hobgoblins (D:1)
  A frilled lizard (D:2)
  5 rats (D:1)
20 creatures vanquished.

Notes
Turn   | Place    | Note
-------+----------+-------------------------------------------
     0 | D:1      | Kohma the Spriggan Enchanter began the quest for the Orb.
     0 | D:1      | Reached XP level 1. HP: 9/9 MP: 5/5
   385 | D:1      | Reached skill level 5 in Stealth
   385 | D:1      | Reached XP level 2. HP: 10/13 MP: 6/6
   439 | D:1      | Learned a level 2 spell: Ensorcelled Hibernation
  1045 | D:2      | Found an iron altar of Okawaru.
  1066 | D:2      | Identified the +2 helmet of Aghusheraw {rF+}
  1066 | D:2      | Noticed Robin
  1073 | D:2      | Slain by a goblin

Levels and vault maps discovered:
D:1:      dpeg_arrival_round_b, layout_rooms
D:2:      layout_basic, okawaru_trees_1, glass_columns_c,
          kennysheep_nondescript, kennysheep_pointless_box, uniq_robin

Skill      XL: |  1  2 |
---------------+-------+-----
Stealth        | 5 |  5.4
Short Blades   | 2 |  2.3
Dodging        | |  3.0
Spellcasting   | |  2.6
Hexes          | |  3.6

Action                   || total
-------------------------++-------
Melee: Dagger            ||    74
 Cast: Corona            ||     1
       Ensorcelled Hiber ||     6
 Stab: Sleeping          ||     7
Armor: Robe              ||     9
Dodge: Dodged            ||    50

Table legend:
 A = Non-vault XP
 B = Vault XP
 C = Vault XP percentage of total XP
 D = Non-vault monster count
 E = Vault monster count
 F = Vault count percentage of total count
                 A         B        C        D         E       F
            +---------+---------+-------+---------+---------+-------
      Total |      34 |       2 |   5.6 |      19 |       1 |   5.0
            +---------+---------+-------+---------+---------+-------
        D:1 |      28 |       0 |   0.0 |      15 |       0 |   0.0
        D:2 |       6 |       2 |  25.0 |       4 |       1 |  20.0
            +---------+---------+-------+---------+---------+-------
